 Dungeon Crawl Stone Soup version 0.31-a0-222-gefeffbb62a (webtiles) character file.

Game seed: 14835348774344033075

25 qw the Shooter (level 2, -1/24 HPs)
             Began as a Minotaur Hexslinger on July 4, 2023.
             Slain by an adder (4 damage)
             ... on level 1 of the Dungeon.
             The game lasted 00:00:18 (505 turns).

qw the Shooter (Minotaur Hexslinger)                 Turns: 505, Time: 00:00:19

Health: -1/24      AC:  5    Str: 11 (12) XL:     2   Next: 82%
Magic:  2/2        EV: 10    Int:  8 (10) God:
Gold:   0          SH:  0    Dex:  9 (12) Spells: 2/3 levels left

rFire   . . .        Y - +1 sling
rCold   . . .        (no shield)
rNeg    + . .        k - +0 ring mail
rPois   .            (helmet restricted)
rElec   .            (no cloak)
rCorr   .            (no gloves)
SInv    .            (no boots)
Will    .....        (no amulet) Stlth
                     j - ring of positive energy
HPRegen 0.24/turn    (no ring)
MPRegen 0.08/turn

%: no passive effects
@: no status effects
A: horns 2, retaliatory headbutt
a: no special abilities


You were on level 1 of the Dungeon.
You visited 1 branch of the dungeon, and saw 2 of its levels.


Innate Abilities, Weirdness & Mutations

You have a pair of horns on your head.
You reflexively headbutt those who attack you in melee.


   Skills:
 - Level 2.1 Fighting
 + Level 3.3 Ranged Weapons
 - Level 2.1 Dodging
 - Level 1.0 Spellcasting
 - Level 2.0 Hexes


You had 2 spell levels left.
You knew the following spells:

 Your Spells              Type           Power      Damage    Failure   Level
a - Slow                  Hex            12%        N/A       38%         1

Your spell library contained the following spells:

 Spells                   Type           Power      Damage    Failure   Level
 Inner Flame              Hex/Fire       2%         N/A       88%         3
 Portal Projectile        Hex/Tloc       4%         N/A       88%         3
 Cause Fear               Hex            1%         N/A       99%         4

Inventory:

Hand Weapons
 Y - a +1 sling (weapon)
Armour
 k - a +0 ring mail (worn)
Jewellery
 j - a ring of positive energy (left hand)
Potions
 i - a potion of might {unknown}

Dungeon Overview and Level Annotations

Branches:
Dungeon (2/15)

Altars:


Message History

There is a stone staircase leading down here.
Enter note:
Enter note:
Enter note: You shoot a sling bullet.
The sling bullet barely misses the adder.
You feel sick. The adder bites you. The adder bites you but does no damage.
You shoot a sling bullet.
The sling bullet closely misses the adder.
You feel sick.
You are no longer poisoned.
The adder bites you but does no damage. x2
You shoot a sling bullet. The sling bullet misses the adder.
The adder bites you but does no damage. The adder misses you.
You shoot a sling bullet.
The sling bullet hits the adder but does no damage.
The adder bites you.
You are poisoned.
The adder poisons you! The adder bites you but does no damage.
You shoot a sling bullet.
The sling bullet closely misses the adder.
You feel sick. The adder bites you but does no damage.
You shoot a sling bullet.
The sling bullet barely misses the adder.
You feel sick. The adder bites you. The adder bites you but does no damage.
You shoot a sling bullet. The sling bullet misses the adder.
You feel sick. The adder bites you. The adder closely misses you.
You furiously retaliate!
You headbutt the adder. You shoot a sling bullet.
The sling bullet closely misses the adder.
You feel sick.
You are no longer poisoned.
The adder bites you but does no damage. The adder bites you.
You shoot a sling bullet. The sling bullet hits the adder.
The adder is heavily wounded.
The adder bites you but does no damage.
You shoot a sling bullet.
The sling bullet closely misses the adder.
The adder bites you.
You die...

........#####........###
........# ###.#......#
.......## #..........#
..#...## ##...#......# #.#...#
#...####.#### #.###.####...#
#.# #.###....)..## #.#
#.##......### ##S# ..#.....###
##@.# #.......# #..##
........#######.##
..(..............#############
....##...##......#...#########
.#........#........#.#########
###...#..............#########
# #.#.##.........##..#########
# #.#.##....)....##..#########


You could see an adder.

Vanquished Creatures
  A dart slug (D:1)
  A ball python (D:2)
  3 bats (D:1)
  An endoplasm (D:2)
  2 giant cockroaches (D:1)
  4 goblins (D:1)
  3 hobgoblins (D:1)
  A quokka (D:1)
  A frilled lizard (D:1)
  A kobold (D:1)
  2 rats (D:1)
20 creatures vanquished.

Notes
Turn   | Place    | Note
-------+----------+-------------------------------------------
     0 | D:1      | qw the Minotaur Hexslinger began the quest for the Orb.
     0 | D:1      | Reached XP level 1. HP: 16/16 MP: 1/1
     0 | D:1      | 0 ||| qw: Version: 0.3-a-46-gb1f654a
     0 | D:1      | 0 ||| qw: Game counter: 896
     0 | D:1      | 0 ||| qw: Melee chars always use a shield: true
     0 | D:1      | 0 ||| qw: God list: Okawaru
     0 | D:1      | 0 ||| qw: Allow faded altars: false
     0 | D:1      | 0 ||| qw: Do Orc after clearing Dungeon:15 true
     0 | D:1      | 0 ||| qw: Do second Lair branch before Depths: true
     0 | D:1      | 0 ||| qw: Lair rune preference: random
     0 | D:1      | 0 ||| qw: Goals: Normal
     0 | D:1      | 0 ||| PLANNING D:1-11
    77 | D:1      | 77 ||| FLEEEEING.
    99 | D:1      | Reached skill level 3 in Ranged Weapons
   129 | D:1      | Reached XP level 2. HP: 23/23 MP: 2/2
   456 | D:1      | 456 ||| UPGRADING to +0 ring mail.
   466 | D:1      | 466 ||| DROPPING +0 robe.
   467 | D:1      | 467 ||| UPGRADING to ring of positive energy.
   468 | D:1      | 468 ||| READING scroll labelled KINAAV YFFIONA.
   469 | D:1      | 469 ||| READING 2 scrolls labelled YNAOVV IKLEOH.
   470 | D:1      | 470 ||| READING scroll labelled TASUUT MOTUDAT.
   471 | D:1      | 471 ||| READING scroll labelled GIXUKI XUIXY.
   472 | D:1      | 472 ||| DRINKING 2 fuming pink potions.
   473 | D:1      | 473 ||| DROPPING scroll of poison.
   474 | D:1      | 474 ||| DROPPING scroll of revelation.
   475 | D:1      | 475 ||| DROPPING potion of degeneration.
   494 | D:2      | 494 ||| STAIRDANCE
   502 | D:1      | HP: 4/24 [adder (3)]
   505 | D:1      | Slain by an adder

Levels and vault maps discovered:
D:1:      dpeg_arrival_tiny_a, layout_rooms
D:2:      layout_loops_ring, minmay_stone_trees_large

Skill      XL: |  1  2 |
---------------+-------+-----
Ranged Weapons | 3 |  3.3
Fighting       | 2 |  2.1
Dodging        | |  2.1
Spellcasting   | |  1.0
Hexes          | |  2.0

Action                     || total
---------------------------++-------
   Fire: Sling             ||    67
    Use: Scroll            ||     4
         Potion            ||     1
 Armour: Ring mail         ||    10
         Robe              ||     2
  Dodge: Dodged            ||    12

Table legend:
 A = Non-vault XP
 B = Vault XP
 C = Vault XP percentage of total XP
 D = Non-vault monster count
 E = Vault monster count
 F = Vault count percentage of total count
                 A         B        C        D         E       F
            +---------+---------+-------+---------+---------+-------
      Total |      36 |       0 |   0.0 |      20 |       0 |   0.0
            +---------+---------+-------+---------+---------+-------
        D:1 |      32 |       0 |   0.0 |      18 |       0 |   0.0
        D:2 |       4 |       0 |   0.0 |       2 |       0 |   0.0
            +---------+---------+-------+---------+---------+-------
